 Dungeon Crawl Stone Soup version 0.25.0-15-gac7dcb8919 (webtiles) character file.

Game seed: 1907880893475756391

100 Esekla the Grave Robber (level 4, -1/33 HPs)
             Began as a Barachi Necromancer on June 28, 2020.
             Slain by an orc
             ... wielding a +0 club
              (5 damage)
             ... on level 3 of the Dungeon.
             The game lasted 00:14:25 (2657 turns).

Esekla the Grave Robber (Barachi Necromancer)       Turns: 2657, Time: 00:14:25

Health: -1/33      AC:  2    Str: 15    XL:     4   Next: 74%
Magic:  8/8        EV: 12    Int: 17    God:
Gold:   85         SH:  0    Dex: 12    Spells: 5/9 levels left

rFire    . . .     SeeInvis .   b - +0 short sword
rCold    . . .     Gourm    .   (no shield)
rNeg     + . .     Faith    .   a - +0 robe
rPois    .         Spirit   .   (no helmet)
rElec    .         Reflect  .   (no cloak)
rCorr    .         Harm     .   (no gloves)
MR       .....                  (no boots)
Stlth    ++........             (no amulet)
HPRegen  0.11/turn              l - ring of positive energy
MPRegen  0.11/turn              o - +6 ring of strength

@: slow
A: +LOS, swims, slowness 1, strong legs 1
a: Hop


You were on level 3 of the Dungeon.
You were not hungry.

You visited 1 branch of the dungeon, and saw 4 of its levels.

You collected 85 gold pieces.

Inventory:

Hand Weapons
 b - a +0 short sword (weapon)
Missiles
 i - 3 poisoned darts (quivered)
Armour
 a - a +0 robe (worn)
Jewellery
 l - a ring of positive energy (left hand)
 m - an uncursed amulet of faith
 o - a +6 ring of strength (right hand)
Scrolls
 d - 4 scrolls of enchant weapon {unknown}
 e - 2 scrolls of remove curse {unknown}
 f - a scroll of immolation {unknown}
 g - a scroll of teleportation {unknown}
 h - a scroll of fear {unknown}
 j - 2 scrolls of identify {unknown}
 p - a scroll of fog {unknown}
Potions
 k - 2 potions of flight {unknown}
 n - a potion of magic {unknown}
Comestibles
 c - 4 rations
 q - 2 chunks of flesh


   Skills:
 * Level 1.8 Fighting
 + Level 1.3 Short Blades
 + Level 2.5 Dodging
 - Level 1.7 Stealth
 * Level 3.2 Spellcasting
 + Level 4.2 Necromancy


You had 5 spell levels left.
You knew the following spells:

 Your Spells              Type           Power        Failure   Level  Hunger
a - Pain                  Necr           ###.         3%          1    None
d - Vampiric Draining     Necr           ###.......   9%          3    ###....

Your spell library contained the following spells:

 Spells                   Type           Power        Failure   Level  Hunger
 Animate Skeleton         Necr           N/A          3%          1    None
 Animate Dead             Necr           N/A          30%         4    ####...
 Agony                    Necr           ###.....     63%         5    ######.


Dungeon Overview and Level Annotations

Branches:
Dungeon (4/15)
 Temple: D:4-7

Altars:

Annotations:
D:2 1 runed translucent door


Innate Abilities, Weirdness & Mutations

You can be seen from farther away. (+LOS)
You can swim through water.
You cover ground slowly.
You can hop short distances.


Message History

You climb upwards.
There is a stone staircase leading down here.
You hit the orc priest but do no damage.
The orc hits you with a +0 club.
You closely miss the orc priest.
The orc priest hits you with a +2 mace of protection.
The orc closely misses you.
You hit the orc priest.
The orc priest is lightly wounded.
The orc priest invokes the aid of Beogh against you.
Pain shoots through your body! The orc barely misses you.
You hit the orc priest but do no damage.
The orc priest is lightly wounded.
The orc priest hits you but does no damage.
The orc closely misses you.
You completely miss the orc.
The orc priest hits you with a +2 mace of protection!
* * * LOW HITPOINT WARNING * * *
The orc hits you with a +0 club.
You die...

.......
############.......
#.................
#.................
#................
#.............#
#.............#
#.............#
#..@o.........+
#..o..........######
###+######..........
#.######..........
#.##..............
#.##........######
#.######.##........######
..........+........+...g.
########.##........######


You could see an orc priest and an orc.

Vanquished Creatures
  A worker ant (D:4)
  A hound skeleton (D:4)
  2 adders
  3 dart slugs
  A worm (D:3)
  2 leopard geckos
  2 goblins
  3 hobgoblins
  3 jackals (D:2)
  2 quokkas
  A ball python (D:1)
  6 bats
  8 kobolds
  2 rats (D:2)
37 creatures vanquished.

Notes
Turn   | Place    | Note
-------+----------+-------------------------------------------
     0 | D:1      | Esekla the Barachi Necromancer began the quest for the Orb.
     0 | D:1      | Reached XP level 1. HP: 13/13 MP: 3/3
   365 | D:1      | Reached XP level 2. HP: 16/19 MP: 3/5
   903 | D:2      | Reached skill level 1 in Fighting
  1029 | D:2      | Found a runed translucent door.
  1029 | D:2      | Noticed a human
  1365 | D:3      | Reached XP level 3. HP: 26/26 MP: 6/6
  1374 | D:3      | Learned a level 3 spell: Vampiric Draining
  1410 | D:3      | Reached skill level 4 in Necromancy
  1863 | D:2      | Reached skill level 1 in Short Blades
  2028 | D:2      | Reached XP level 4. HP: 28/32 MP: 8/8
  2657 | D:3      | Slain by an orc

Illustrated notes

Levels and vault maps discovered:
D:1:      shiori_arrival_maze, layout_basic, hangedman_glass_teeth,
          minmay_shallow_snake_nest
D:2:      layout_basic, lemuel_coloured_pillars_altar, first_ration,
          serial_rivers, chequers_serial_rivers_small_3,
          chequers_serial_rivers_small_b, chequers_serial_rivers_marsh,
          chequers_serial_rivers_small_b, dk_yredelemnul_ordeal
D:3:      layout_basic, grunt_temple_overflow_gold_and_silver,
          cheibrodos_gnoll_hut
D:4:      layout_cave_pools

Skill      XL: |  1  2  3  4 |
---------------+-------------+-----
Fighting       | 1 |  1.8
Necromancy     | 4 |  4.2
Short Blades   | 1 |  1.3
Spellcasting   | 3 |  3.2
Dodging        | |  2.5
Stealth        | |  1.7

Action                   |  1- 3 |  4- 6 || total
-------------------------+-------+-------++-------
Melee: Short sword       |   102 |    40 ||   142
Throw: Dart              |     1 |       ||     1
 Cast: Pain              |    13 |       ||    13
       Vampiric Draining |     7 |     5 ||    12
 Abil: Hop               |     2 |       ||     2
 Stab: Sleeping          |     3 |       ||     3
  Eat: Chunk             |     1 |     3 ||     4
       Ration            |     1 |       ||     1
Armor: Robe              |    32 |     3 ||    35
Dodge: Dodged            |    83 |    33 ||   116
